 Dungeon Sprint DCSS version 0.24-a0-536-gdd4cf15 (webtiles) character file.

Game seed: 9188039114268189832

443 silentkaos13 the Fighter (level 7, -8/68 HPs)
             Began as a Gnoll Wanderer on Aug 13, 2019.
             Mangled by a slime creature (16 damage)
             ... in the Dungeon (Sprint I: "Red Sonja").
             The game lasted 00:01:53 (880 turns).

silentkaos13 the Fighter (Gnoll Wanderer)            Turns: 880, Time: 00:01:53

Health: -8/68      AC: 12    Str: 15    XL:     7   Next: 2%
Magic:  14/14      EV:  9    Int: 16    God:
Gold:   310        SH:  0    Dex: 14    Spells: 16/16 levels left

rFire    . . .     SeeInvis .   a - +2 mace
rCold    . . .     Gourm    .   (no shield)
rNeg     + . .     Faith    .   n - +3 chain mail {rN+}
rPois    .         Spirit   .   (no helmet)
rElec    .         Reflect  .   (no cloak)
rCorr    .         Harm     .   (no gloves)
MR       .....     NoTele   +   (no boots)
Stlth    ..........             (no amulet)
HPRegen  0.21/turn              (no ring)
MPRegen  0.14/turn              (no ring)

@: no status effects
A: distributed training, fangs 1, strong nose
a: no special abilities


You were in the Dungeon.
You were not hungry.

You visited 1 branch You collected 310 gold pieces.

Inventory:

Hand Weapons
 a - a +2 mace (weapon)
 b - a +0 short sword
 d - a +0 dagger
Missiles
 c - 12 poisoned darts (quivered)
Armour
 e - a +0 robe
 n - a +3 chain mail of positive energy (worn)
Wands
 m - a wand of random effects (11)
Scrolls
 l - a scroll of blinking
Potions
 g - a potion of curing
 i - a potion of haste
 j - 2 potions of magic
 k - a potion of berserk rage
Comestibles
 f - 3 rations


   Skills:
 + Level 11.4 Fighting
 + Level 5.0 Short Blades
 + Level 5.0 Long Blades
 + Level 5.0 Axes
 + Level 5.6 Maces & Flails
 + Level 5.0 Polearms
 + Level 5.0 Staves
 + Level 5.0 Slings
 + Level 5.0 Bows
 + Level 5.0 Crossbows
 + Level 6.8 Throwing
 + Level 5.0 Armour
 + Level 5.6 Dodging
 + Level 5.5 Stealth
 + Level 5.0 Shields
 + Level 5.0 Unarmed Combat
 + Level 5.0 Spellcasting
 + Level 4.1 Conjurations
 + Level 4.1 Hexes
 + Level 4.1 Charms
 + Level 4.1 Summonings
 + Level 4.1 Necromancy
 + Level 4.1 Translocations
 + Level 4.1 Transmutations
 + Level 4.1 Fire Magic
 + Level 4.1 Ice Magic
 + Level 4.1 Air Magic
 + Level 4.1 Earth Magic
 + Level 4.1 Poison Magic
 + Level 5.4 Invocations
 + Level 5.0 Evocations


You had 16 spell levels left.
You didn't know any spells.
Your spell library was empty.

Dungeon Overview and Level Annotations

Branches:
Dungeon (1/1)

Altars:
Cheibriados
Dithmenos
Elyvilon
Fedhas
Gozag
Hepliaklqana
Kikubaaqudgha
Makhleb
Nemelex Xobeh
Okawaru
Qazlal
Ru
Sif Muna
Trog
Uskayaw
Vehumet
Wu Jian
Xom
Yredelemnul
Zin
The Shining One
Jiyva
Lugonu

Shops:
D *


Innate Abilities, Weirdness & Mutations

Your experience applies equally to all skills.
You have very sharp teeth.
Your uncanny sense of smell can sniff out nearby items.


Message History

The slime creature is moderately wounded.
The slime creature hits you!
You sock the slime creature!
The slime creature is heavily wounded.
The slime creature barely misses you.
You sock the slime creature!
The slime creature is severely wounded.
The slime creature hits you.
* * * LOW HITPOINT WARNING * * *
The slime creature hits you.
* * * LOW HITPOINT WARNING * * *
You hit the slime creature.
You bite the slime creature, but do no damage.
The slime creature is severely wounded.
The slime creature hits you!
* * * LOW HITPOINT WARNING * * *
Your chain mail prevents you from hitting the slime creature.
The slime creature is severely wounded.
The slime creature hits you!
You die...

################ ##
#<.#..).)#..'..#__#∆∆
#..'..#..'..#.@J(.+∆∆
#..#####'#####'#__#
#..####..#...#.# ##∆∆
#..#__####..##.#
#..#_____##'#_.+
#⌠⌠#_.∩...'..._#
####_..__##_.#'#
∆∆#_____###+#.#∆∆∆∆
####### ### ∆


You could see a slime creature.

Vanquished Creatures
  Sigmund (D)
  A yak (D)
  An ogre (D)
  A jelly (D)
  Ijyb (D)
5 creatures vanquished.

Notes
Turn   | Place    | Note
-------+----------+-------------------------------------------
     0 | D        | Reached skill level 10 in Fighting
     0 | D        | silentkaos13 the Gnoll Wanderer began the quest for the
                  | Orb.
     0 | D        | silentkaos13 set off with the following items: a +2 mace, a
                  | +0 short sword, 15 poisoned darts, a +0 dagger, a +0 robe,
                  | a ration, a potion of curing, a potion of heal wounds, a
                  | potion of haste, 2 potions of magic, a potion of berserk
                  | rage, a scroll of blinking
     0 | D        | Reached XP level 1. HP: 28/28 MP: 1/1
     1 | D        | Noticed Ijyb
    13 | D        | Killed Ijyb
    13 | D        | Reached skill level 1 in Short Blades
    13 | D        | Reached skill level 1 in Long Blades
    13 | D        | Reached skill level 1 in Axes
    13 | D        | Reached skill level 1 in Polearms
    13 | D        | Reached skill level 1 in Staves
    13 | D        | Reached skill level 1 in Slings
    13 | D        | Reached skill level 1 in Bows
    13 | D        | Reached skill level 1 in Crossbows
    13 | D        | Reached skill level 1 in Armour
    13 | D        | Reached skill level 1 in Shields
    13 | D        | Reached skill level 1 in Unarmed Combat
    13 | D        | Reached skill level 1 in Spellcasting
    13 | D        | Reached skill level 1 in Conjurations
    13 | D        | Reached skill level 1 in Hexes
    13 | D        | Reached skill level 1 in Charms
    13 | D        | Reached skill level 1 in Summonings
    13 | D        | Reached skill level 1 in Necromancy
    13 | D        | Reached skill level 1 in Translocations
    13 | D        | Reached skill level 1 in Transmutations
    13 | D        | Reached skill level 1 in Fire Magic
    13 | D        | Reached skill level 1 in Ice Magic
    13 | D        | Reached skill level 1 in Air Magic
    13 | D        | Reached skill level 1 in Earth Magic
    13 | D        | Reached skill level 1 in Poison Magic
    13 | D        | Reached skill level 1 in Evocations
    13 | D        | Reached XP level 2. HP: 26/36 MP: 1/4
    13 | D        | Reached XP level 3. HP: 30/42 MP: 1/5
    95 | D        | Noticed an ogre
   101 | D        | Killed an ogre
   101 | D        | Reached skill level 5 in Throwing
   101 | D        | Reached XP level 4. HP: 49/49 MP: 5/8
   138 | D        | Noticed Sigmund
   185 | D        | Killed Sigmund
   185 | D        | Reached skill level 11 in Fighting
   185 | D        | Reached skill level 5 in Maces & Flails
   185 | D        | Reached skill level 5 in Dodging
   185 | D        | Reached XP level 5. HP: 12/55 MP: 8/11
   185 | D        | Reached XP level 6. HP: 14/62 MP: 8/12
   447 | D        | Found an ornate altar of the Wu Jian Council.
   447 | D        | Found a shimmering blue altar of Sif Muna.
   449 | D        | Found a radiant altar of Vehumet.
   457 | D        | Reached skill level 5 in Stealth
   757 | D        | Found Ijiyc's Assorted Antiques.
   757 | D        | Found an ancient bone altar of Kikubaaqudgha.
   757 | D        | Found a hazy altar of Hepliaklqana.
   757 | D        | Found a stormy altar of Qazlal.
   757 | D        | Found a hide-covered altar of Uskayaw.
   757 | D        | Found a blossoming altar of Fedhas.
   757 | D        | Found a bloodstained altar of Trog.
   757 | D        | Found an iron altar of Okawaru.
   757 | D        | Found a basalt altar of Yredelemnul.
   757 | D        | Found a glowing golden altar of the Shining One.
   757 | D        | Found a snail-covered altar of Cheibriados.
   757 | D        | Found a sacrificial altar of Ru.
   757 | D        | Found a glowing silver altar of Zin.
   757 | D        | Found a shadowy altar of Dithmenos.
   757 | D        | Found a white marble altar of Elyvilon.
   757 | D        | Noticed a yak
   768 | D        | Killed a yak
   768 | D        | Reached skill level 5 in Short Blades
   768 | D        | Reached skill level 5 in Long Blades
   768 | D        | Reached skill level 5 in Axes
   768 | D        | Reached skill level 5 in Polearms
   768 | D        | Reached skill level 5 in Staves
   768 | D        | Reached skill level 5 in Slings
   768 | D        | Reached skill level 5 in Bows
   768 | D        | Reached skill level 5 in Crossbows
   768 | D        | Reached skill level 5 in Armour
   768 | D        | Reached skill level 5 in Shields
   768 | D        | Reached skill level 5 in Unarmed Combat
   768 | D        | Reached skill level 5 in Spellcasting
   768 | D        | Reached skill level 5 in Invocations
   768 | D        | Reached skill level 5 in Evocations
   768 | D        | Reached XP level 7. HP: 48/68 MP: 12/14
   769 | D        | Found an opulent altar of Gozag.
   771 | D        | Found a sparkling altar of Nemelex Xobeh.
   869 | D        | Found a burning altar of Makhleb.
   869 | D        | Found a viscous altar of Jiyva.
   869 | D        | Found a shimmering altar of Xom.
   869 | D        | Found a corrupted altar of Lugonu.
   869 | D        | Noticed a slime creature
   880 | D        | Mangled by a slime creature

Levels and vault maps discovered:
D:        dungeon_sprint_1 [red_sonja_temple_1, red_sonja_temple_small_1]

Skill      XL: |  1  2  3  4  5  6 |
---------------+-------------------+-----
Fighting       | 11 | 11.4
Short Blades   | 1 3 4 5 |  5.0
Long Blades    | 1 3 4 5 |  5.0
Axes           | 1 3 4 5 |  5.0
Maces & Flails | 3 4 5 |  5.6
Polearms       | 1 3 4 5 |  5.0
Staves         | 1 3 4 5 |  5.0
Slings         | 1 3 4 5 |  5.0
Bows           | 1 3 4 5 |  5.0
Crossbows      | 1 3 4 5 |  5.0
Armour         | 1 3 4 5 |  5.0
Dodging        | 3 4 5 |  5.6
Shields        | 1 3 4 5 |  5.0
Unarmed Combat | 1 3 4 5 |  5.0
Spellcasting   | 1 3 4 5 |  5.0
Conjurations   | 1 2 3 4 |  4.1
Hexes          | 1 2 3 4 |  4.1
Charms         | 1 2 3 4 |  4.1
Summonings     | 1 2 3 4 |  4.1
Necromancy     | 1 2 3 4 |  4.1
Translocations | 1 2 3 4 |  4.1
Transmutations | 1 2 3 4 |  4.1
Fire Magic     | 1 2 3 4 |  4.1
Ice Magic      | 1 2 3 4 |  4.1
Air Magic      | 1 2 3 4 |  4.1
Earth Magic    | 1 2 3 4 |  4.1
Poison Magic   | 1 2 3 4 |  4.1
Invocations    | 2 3 4 5 |  5.4
Evocations     | 1 3 4 5 |  5.0
Throwing       | 5 6 |  6.8
Stealth        | 3 4 5 |  5.5

Action                   |  1- 3 |  4- 6 |  7- 9 || total
-------------------------+-------+-------+-------++-------
Melee: Mace              |    13 |    47 |     9 ||    69
       Bite              |     1 |     7 |     3 ||    11
       Punch             |       |     1 |       ||     1
Throw: Dart              |     5 |     5 |     2 ||    12
  Use: Potion            |       |     1 |       ||     1
Armor: Chain mail        |       |    13 |     1 ||    14
Dodge: Dodged            |    10 |     7 |     2 ||    19

Table legend:
 A = Non-vault XP
 B = Vault XP
 C = Vault XP percentage of total XP
 D = Non-vault monster count
 E = Vault monster count
 F = Vault count percentage of total count
                 A         B        C        D         E       F
            +---------+---------+-------+---------+---------+-------
      Total |       0 |     633 | 100.0 |       0 |       5 | 100.0
            +---------+---------+-------+---------+---------+-------
          D |       0 |     633 | 100.0 |       0 |       5 | 100.0
            +---------+---------+-------+---------+---------+-------
